 Dungeon Crawl Stone Soup version 0.31-a0-182-gc5ef74bbde (webtiles) character file.

Game seed: 17349624037808790807

59 qw the Shooter (level 4, -4/39 HPs)
             Began as a Naga Hunter on June 20, 2023.
             Slain by a hobgoblin (5 damage)
             ... on level 2 of the Dungeon.
             The game lasted 00:00:21 (773 turns).

qw the Shooter (Naga Hunter)                         Turns: 773, Time: 00:00:21

Health: -4/39      AC:  2    Str: 14    XL:     4   Next: 3%
Magic:  4/4        EV:  9    Int:  9    God:
Gold:   50         SH:  0    Dex: 16    Spells: 3/3 levels left

rFire   . . .        Y - +0 shortbow
rCold   . . .        (shield currently unavailable)
rNeg    . . .        c - +0 leather armour
rPois   +            (no helmet)
rElec   .            (no cloak)
rCorr   .            (no gloves)
SInv    +            (no barding)
Will    .....        (no amulet)
Stlth   ++           (no ring)
HPRegen 0.26/turn    (no ring)
MPRegen 0.09/turn

%: no passive effects
@: short of breath, very slow
A: AC +1, large, see invisible, deformed body, poison resistance, slowness 2,
spit poison 1, naga tail 1
a: Spit Poison


You were on level 2 of the Dungeon.
You visited 1 branch of the dungeon, and saw 2 of its levels.

You collected 50 gold pieces.


Innate Abilities, Weirdness & Mutations

Your serpentine skin is tough. (AC +1)
You have supernaturally acute eyesight. (SInv)
Armour fits poorly on your strangely shaped body.
Your system is resistant to poisons. (rPois)
You cover ground very slowly.
You can spit poison.
You have a snake-like lower body.


   Skills:
 + Level 2.0 Fighting
 - Level 5.0 Ranged Weapons
 - Level 1.5 Dodging
 - Level 1.5 Stealth


You had 3 spell levels left.
You didn't know any spells.
Your spell library was empty.

Inventory:

Hand Weapons
 Y - a +0 shortbow (weapon)
Armour
 c - a +0 leather armour (worn)
Potions
 e - a potion of berserk rage {unknown}
 f - a potion of curing
 j - a potion of attraction {unknown}

Dungeon Overview and Level Annotations

Branches:
Dungeon (2/15)

Altars:


Message History

You have got your breath back.
The orc priest barely misses you. The orc hits you with a +0 club.
The orc priest invokes the aid of Beogh against you.
Beogh smites you!
766 ||| READING scroll of teleportation.
As you read the scroll of teleportation, it crumbles to dust.
You feel strangely unstable.
You kill the orc priest!
Your Ranged Weapons skill increases to level 5!
You have reached level 4!
You feel stronger.
767 ||| INVOKING Spit Poison.
Aiming: Spit Poison (1% risk of failure)
Press: ? - help, Shift-Dir - straight line, f - orc The splash of poison hits the orc!
You kill the orc!
You shoot an arrow. The arrow closely misses the orc.
You shoot an arrow.
The arrow closely misses the orc wizard.
An orc comes into view. It is wielding a +0 short sword.
You shoot an arrow. The arrow hits the orc wizard.
The orc wizard is lightly wounded.
Your surroundings suddenly seem different.
A bat, a hobgoblin and a giant cockroach come into view.
Found 4 gold pieces.
The giant cockroach bites you. x2
You shoot an arrow. The arrow hits the giant cockroach.
The giant cockroach is moderately wounded.
You have got your breath back.
The bat barely misses you. The giant cockroach bites you.
772 ||| INVOKING Spit Poison.
Aiming: Spit Poison (1% risk of failure)
Press: ? - help, Shift-Dir - straight line, f/p - giant cockroach The splash of poison hits the giant cockroach.
The giant cockroach is heavily wounded.
The giant cockroach bites you. The bat hits you.
You shoot an arrow.
The arrow hits the giant cockroach but does no damage.
The giant cockroach is heavily wounded.
The bat hits you but does no damage. The giant cockroach bites you.
The hobgoblin hits you.
You die...

########
###......####
.....b......
#.........#
#..B......#
#..@......#
#..g......#
#.........#
#......####
#.....$#
#......#
#......#
#.######


You could see a giant cockroach, a hobgoblin and a bat.

Vanquished Creatures
  An orc priest (D:2)
  A dart slug (D:1)
  An orc (D:2)
  3 endoplasms (D:1)
  A giant cockroach (D:1)
  2 goblins (D:1)
  3 hobgoblins (D:1)
  A quokka (D:1)
  A ball python (D:1)
  2 bats (D:1)
  2 frilled lizards (D:1)
  4 kobolds (D:1)
  5 rats (D:1)
27 creatures vanquished.

Notes
Turn   | Place    | Note
-------+----------+-------------------------------------------
     0 | D:1      | qw the Naga Hunter began the quest for the Orb.
     0 | D:1      | Reached XP level 1. HP: 19/19 MP: 1/1
     0 | D:1      | 0 ||| qw: Version: 0.3-a-9-g12657ce
     0 | D:1      | 0 ||| qw: Game counter: 1194
     0 | D:1      | 0 ||| qw: Always use a shield: true
     0 | D:1      | 0 ||| qw: God list: Okawaru
     0 | D:1      | 0 ||| qw: Allow faded altars: false
     0 | D:1      | 0 ||| qw: Do Orc after D:15 true
     0 | D:1      | 0 ||| qw: Do second Lair branch before Depths: true
     0 | D:1      | 0 ||| qw: Lair rune preference: random
     0 | D:1      | 0 ||| qw: Plans: Normal
     0 | D:1      | 0 ||| PLANNING D:1-11
    32 | D:1      | 32 ||| INVOKING Spit Poison.
    33 | D:1      | 33 ||| INVOKING Spit Poison.
    40 | D:1      | 40 ||| INVOKING Spit Poison.
    45 | D:1      | 45 ||| INVOKING Spit Poison.
    49 | D:1      | 49 ||| INVOKING Spit Poison.
   140 | D:1      | 140 ||| INVOKING Spit Poison.
   171 | D:1      | 171 ||| INVOKING Spit Poison.
   176 | D:1      | 176 ||| INVOKING Spit Poison.
   177 | D:1      | Reached skill level 4 in Ranged Weapons
   177 | D:1      | Reached XP level 2. HP: 26/26 MP: 2/2
   181 | D:1      | 181 ||| INVOKING Spit Poison.
   192 | D:1      | 192 ||| INVOKING Spit Poison.
   198 | D:1      | 198 ||| INVOKING Spit Poison.
   243 | D:1      | Found a faded altar of an unknown god.
   394 | D:1      | 394 ||| INVOKING Spit Poison.
   431 | D:1      | 431 ||| INVOKING Spit Poison.
   462 | D:1      | 462 ||| INVOKING Spit Poison.
   466 | D:1      | 466 ||| INVOKING Spit Poison.
   471 | D:1      | Reached XP level 3. HP: 18/32 MP: 3/3
   654 | D:1      | 654 ||| READING scroll labelled NUBIALY RIXEH.
   655 | D:1      | 655 ||| READING 2 scrolls labelled OGEESI UTHE.
   658 | D:1      | 658 ||| READING scroll labelled FUBRAA ZAJ QAI.
   659 | D:1      | 659 ||| READING scroll labelled QALUCYLUXO.
   719 | D:1      | 719 ||| DRINKING 2 fizzy yellow potions.
   720 | D:1      | 720 ||| DROPPING scroll of butterflies.
   757 | D:2      | 757 ||| INVOKING Spit Poison.
   759 | D:2      | 759 ||| FLEEEEING.
   760 | D:2      | 760 ||| INVOKING Spit Poison.
   762 | D:2      | 762 ||| Stepping ~*~*~tactically~*~*~ (outnumbered).
   765 | D:2      | HP: 4/32 [orc priest/divine providence (12)]
   766 | D:2      | 766 ||| READING scroll of teleportation.
   767 | D:2      | Reached skill level 5 in Ranged Weapons
   767 | D:2      | Reached XP level 4. HP: 5/39 MP: 4/4
   767 | D:2      | 767 ||| INVOKING Spit Poison.
   770 | D:2      | HP: 6/39 [giant cockroach (1)]
   772 | D:2      | 772 ||| INVOKING Spit Poison.
   772 | D:2      | HP: 2/39 [bat (1)]
   773 | D:2      | Slain by a hobgoblin

Levels and vault maps discovered:
D:1:      saegor_arrival_simple_e, layout_loops_cross,
          hellmonk_ecumenical_altar_arch_garden
D:2:      layout_basic, minmay_misc_feat_pillars, minmay_misc_feat_five,
          dk_noncrumbling_2

Skill      XL: |  1  2  3 |
---------------+----------+-----
Ranged Weapons | 4 5 |  5.0
Fighting       | |  2.0
Dodging        | |  1.5
Stealth        | |  1.5

Action                     |  1- 3 |  4- 6 || total
---------------------------+-------+-------++-------
   Fire: Shortbow          |    51 |     5 ||    56
Ability: Spit Poison       |    16 |     2 ||    18
    Use: Scroll            |     5 |       ||     5
         Potion            |     1 |       ||     1
 Armour: Leather armour    |     4 |     1 ||     5
  Dodge: Dodged            |     9 |     1 ||    10

Table legend:
 A = Non-vault XP
 B = Vault XP
 C = Vault XP percentage of total XP
 D = Non-vault monster count
 E = Vault monster count
 F = Vault count percentage of total count
                 A         B        C        D         E       F
            +---------+---------+-------+---------+---------+-------
      Total |      85 |       0 |   0.0 |      27 |       0 |   0.0
            +---------+---------+-------+---------+---------+-------
        D:1 |      41 |       0 |   0.0 |      25 |       0 |   0.0
        D:2 |      44 |       0 |   0.0 |       2 |       0 |   0.0
            +---------+---------+-------+---------+---------+-------
